 Dungeon Crawl Stone Soup version 0.30-a0-739-gea05faddec (webtiles) character file.

Game seed: 11372335932063709607

115 KleinerIrrer the Insei (level 5, 0/34 HPs)
             Began as an Octopode Gladiator on Feb 4, 2023.
             Was a Follower of Okawaru.
             Slain by an orc wizard
             ... wielding a +0 dagger
              (2 damage)
             ... on level 3 of the Dungeon.
             The game lasted 00:03:17 (2072 turns).

KleinerIrrer the Insei (Octopode Gladiator)         Turns: 2072, Time: 00:03:17

Health: 0/34       AC:  1    Str: 13    XL:     5   Next: 0%
Magic:  5/5        EV: 14    Int: 12    God:    Okawaru [*.....]
Gold:   146        SH:  0    Dex: 14    Spells: 4/4 levels left

rFire   . . .      SeeInvis .      - Unarmed
rCold   . . .      Faith    .    (no shield)
rNeg    . . .      Spirit   .    a - +0 hat
rPois   .          Reflect  .    (no amulet)
rElec   .          Harm     .    (no ring)
rCorr   .          Rampage  .    (no ring)
Will    .....                    (no ring)
Stlth   ++                       (no ring)
HPRegen 0.25/turn                (no ring)
MPRegen 0.09/turn                (no ring)
                                 (no ring)
                                 (no ring)

@: attractive
A: almost no armour, amphibious, 8 rings, camouflage 1, gelatinous body 1,
(nimble swimmer 1), tentacles
a: Renounce Religion, Heroism


You were on level 3 of the Dungeon.
You worshipped Okawaru.
Okawaru was aware of your devotion.
You visited 1 branch of the dungeon, and saw 3 of its levels.

You collected 146 gold pieces.

Inventory:

Armour
 a - a +0 hat (worn)
 q - a +0 tower shield
Jewellery
 u - a ring of wizardry
Wands
 r - a wand of light (5)
Scrolls
 f - 2 scrolls of teleportation {unknown}
 i - a scroll of amnesia {unknown}
 k - a scroll of blinking {unknown}
 l - a scroll of identify {unknown}
 n - a scroll of vulnerability {unknown}
 o - a scroll of noise {unknown}
 s - a scroll of fog {unknown}
Potions
 e - a potion of attraction
 g - a potion of magic
 h - a potion of haste {unknown}
 m - a potion of lignification {unknown}
 t - a potion of curing {unknown}


   Skills:
 - Level 2.0 Fighting
 - Level 2.0 Throwing
 - Level 3.0 Dodging
 + Level 5.5 Unarmed Combat


You had 4 spell levels left.
You didn't know any spells.
Your spell library was empty.

Dungeon Overview and Level Annotations

Branches:
Dungeon (3/15)

Altars:
Okawaru


Innate Abilities, Weirdness & Mutations

You cannot wear most types of armour.
You are amphibious.
You can wear up to eight rings at the same time.
Your skin changes colour to match your surroundings (Stealth+).
Your rubbery body absorbs attacks. (AC +1, EV +1)
((You are camouflaged when in or above water. (Stealth+)))
You have tentacles for arms and can constrict up to eight enemies at once.


Message History

You tentacle-slap the orc wizard, but do no damage.
You squeeze the orc wizard.
The orc wizard is moderately wounded.
You constrict the orc wizard. The orc wizard casts a spell at you.
The magic dart hits you!
* * * LOW HITPOINT WARNING * * *
It was a potion of heal wounds.
You feel much better.
You constrict the orc wizard, but do no damage.
Something hits you.
The orc wizard hits you with a +0 dagger.
You feel much better.
You constrict the orc wizard. Something hits you.
The orc wizard gestures at you while chanting.
The magic dart hits you.
You tentacle-slap the orc wizard.
The orc wizard is almost dead.
You constrict the orc wizard.
You kill the orc wizard!
Okawaru accepts your kill.
You hear some strange, mumbled words.
Something tries to affect you, but you resist.
You have reached level 5!
You feel agile.
You hear some strange, mumbled words.
A puff of flame appears from out of thin air!
The puff of flame hits you! Something is attracted toward you.
You miss something. Your squeeze misses something. Something hits you.
You closely miss something. Your squeeze misses something. Something hits you.
You completely miss something. You closely miss something.
You hear some strange, mumbled words.
A puff of flame appears from out of thin air!
The puff of flame hits you!
* * * LOW HITPOINT WARNING * * *
You barely miss something. You squeeze something! Something hits you.
* * * LOW HITPOINT WARNING * * *
You miss something. Something hits you.
* * * LOW HITPOINT WARNING * * *
You miss something. Your squeeze misses something. Something hits you.
You die... ..(.. #.# ..... ###.# ... #...### oo.

#.##... #>#
#.##.## #.#
#.##.## ##.##
#.##.##
#####)$.#
#.##.##
#..@{)..#
#.#...#
#.###...#
####...#.. #.#
####...........#
#.# .#######..##
#.# .# #..##
#####.# .# #..##
#.....# #....
#.##### #..##
#.# #..#


There were no monsters in sight!

Vanquished Creatures
  2 orc wizards (D:3)
  An adder (D:2)
  An ufetubus (D:3)
  A worm (D:2)
  An orc (D:3)
  4 endoplasms
  A giant cockroach (D:1)
  5 goblins
  9 hobgoblins
  2 jackals (D:2)
  5 quokkas
  5 ball pythons
  2 bats (D:2)
  2 frilled lizards (D:1)
  2 kobolds (D:2)
  A rat (D:1)
44 creatures vanquished.

Notes
Turn   | Place    | Note
-------+----------+-------------------------------------------
     0 | D:1      | KleinerIrrer the Octopode Gladiator began the quest for the
                  | Orb.
     0 | D:1      | Reached XP level 1. HP: 14/14 MP: 1/1
   298 | D:1      | Reached XP level 2. HP: 11/19 MP: 2/2
   510 | D:1      | Found a faded altar of an unknown god.
   530 | D:1      | Prayed at the altar of an unknown god.
   530 | D:1      | Became a worshipper of Warmaster Okawaru
   530 | D:1      | Reached * piety under Okawaru
   708 | D:1      | Reached skill level 4 in Unarmed Combat
   881 | D:2      | Reached XP level 3. HP: 24/24 MP: 3/3
  1747 | D:3      | Reached XP level 4. HP: 24/29 MP: 4/4
  2056 | D:3      | Reached skill level 5 in Unarmed Combat
  2065 | D:3      | Reached XP level 5. HP: 22/34 MP: 5/5
  2072 | D:3      | Slain by an orc wizard

Illustrated notes

Levels and vault maps discovered:
D:1:      tarquinn_simple_flora_water_a, layout_loops_cross,
          hellmonk_ecumenical_altar_zigzags
D:2:      layout_basic
D:3:      layout_loops_ring

Skill      XL: |  1  2  3  4 |
---------------+-------------+-----
Unarmed Combat | 4 5 |  5.5
Fighting       | |  2.0
Throwing       | |  2.0
Dodging        | |  3.0

Action                     |  1- 3 |  4- 6 || total
---------------------------+-------+-------++-------
  Melee: Unarmed           |    82 |    23 ||   105
         Constrict         |    17 |     5 ||    22
         Tentacles         |    10 |     4 ||    14
         Punch             |       |     1 ||     1
  Throw: Boomerang         |       |     5 ||     5
         Throwing net      |       |     3 ||     3
         Dart              |       |     2 ||     2
         Javelin           |       |     1 ||     1
    Use: Potion            |       |     4 ||     4
   Stab: Sleeping          |    12 |       ||    12
 Armour: Skin              |     5 |       ||     5
  Dodge: Dodged            |    59 |     9 ||    68

Table legend: (Time is in decaauts)
 A = Elapsed time spent in this place.
 B = Non-inter-level travel time spent in this place.
 C = Inter-level travel time spent in this place.
 D = Time resting spent in this place.
 E = Time spent auto-exploring this place.
 F = Levels seen in this place.
 G = Mean time per level.
                   A        B        C        D        E       F      G
               +--------+--------+--------+--------+--------+-----+--------+
         Total |   2064 |   1919 |    145 |      0 |   1570 |   3 |  688.0 |
       Dungeon |   2064 |   1919 |    145 |      0 |   1570 |   3 |  688.0 |
               +--------+--------+--------+--------+--------+-----+--------+

Top non-repeatable levels by time:
     D:2: 941 daAuts
     D:1: 788 daAuts
     D:3: 334 daAuts
